 Dungeon Sprint DCSS version 0.31-a0-799-g6bc09d010c (webtiles) character file.

Game seed: 14337732328439964287

2019 sircluck the Grappler (level 9, -5/153 HPs)
             Began as a Troll Berserker on Sept 19, 2023.
             Was the Champion of Trog.
             Slain by an orc knight
             ... wielding a +1 battleaxe of electrocution
              (6 damage)
             ... in the Dungeon (Sprint III: "The Ten Rune Challenge").
             The game lasted 00:01:36 (498 turns).

sircluck the Grappler (Troll Berserker)              Turns: 498, Time: 00:01:37

Health: -5/153     AC:  4    Str: 28    XL:     9   Next: 3%
Magic:  8/8        EV: 12    Int:  7    God:    Trog [******]
Gold:   39         SH:  0    Dex:  8    Spells: 8/8 levels left

rFire   + .          .
                       - Unarmed
rCold   + . .        (no shield)
rNeg    . . .        n - +0 robe {rC+ rF+}
rPois   +            (helmet restricted)
rElec   .            (no cloak)
rCorr   .            (gloves unavailable)
SInv    .            (boots unavailable)
Will    .....        (no amulet) Stlth
                     (no ring)
HPRegen 1.25/turn    (no ring)
MPRegen 0.11/turn

%: no teleportation
@: berserking, very quick
A: large, unfitting armour, claws 3, regeneration 1, shaggy fur 1, tough skin 1,
clever 1, poison resistance, weak 1
a: Renounce Religion, Berserk, Trog's Hand, Brothers in Arms


You were in the Dungeon.
You worshipped Trog.
Trog was exalted by your worship.
You visited 1 branch You collected 39 gold pieces.

Inventory:

Armour
 a - a +0 animal skin
 n - a +0 robe of resistance (worn)
Wands
 i - a wand of light (5)
Scrolls
 g - a scroll of blinking
 j - 2 scrolls of poison {unknown}
 k - 3 scrolls of identify
Potions
 b - a potion of curing
 c - 2 potions of heal wounds
 d - 2 potions of haste
 e - 2 potions of magic
 f - a potion of berserk rage
 h - a potion of resistance {unknown}
 l - a potion of degeneration {unknown}
 m - a potion of enlightenment {unknown}
Miscellaneous
 o - a phial of floods


   Skills:
 + Level 10.4 Fighting
 + Level 10.3 Dodging
 + Level 12.1 Unarmed Combat


You had 8 spell levels left.
You didn't know any spells.
Your spell library was empty.

Dungeon Overview and Level Annotations

Branches:
Dungeon (1/1)

Altars:
Cheibriados
Dithmenos
Elyvilon
Fedhas
Gozag
Hepliaklqana
Kikubaaqudgha
Makhleb
Nemelex Xobeh
Okawaru
Qazlal
Ru
Sif Muna
Trog
Uskayaw
Vehumet
Wu Jian
Xom
Yredelemnul
Zin
The Shining One
Jiyva
Lugonu

Shops:
D =


Innate Abilities, Weirdness & Mutations

You are too large for most types of armour.
You have claws for hands.
Your natural rate of healing is unusually fast.
You are covered in fur. (AC +1)
You have tough skin. (AC +1)
Your mind is acute. (Int +4, Str/Dex -1)
Your system is resistant to poisons. (rPois)
You are weak. (Str -2)


Message History

The neqoxec shouts!
An orc comes into view. It is wielding a +0 club.
The orc knight roars a battlecry!
The orcs go into a battle-frenzy!
You see here 10 gold pieces.
The orc high priest utters an invocation to Beogh.
The orc misses you.
The orc knight hits you with a +1 battleaxe of electrocution!
The orc hits you with a +0 dagger.
The orc knight unwields a +1 battleaxe of electrocution.
It stops crackling.
The orc knight wields a +0 arbalest.
The orc knight shoots a bolt.
The bolt hits you!!
There is an entrance to Yrraret's Jewellery Shoppe here.
You mangle the orc!!
You kill the orc!
Trog accepts your kill.
The orc knight shoots a bolt.
The bolt hits you!! The orc barely misses you. The neqoxec gestures at you.
Something tries to feed on your intellect!
The orc knight shoots a bolt.
The bolt barely misses you.
You see here a +0 dagger.
You mangle the orc!!
You kill the orc!
Trog accepts your kill.
The orc high priest hits you with a +2 heavy flail!!
* * * LOW HITPOINT WARNING * * *
The orc knight shoots a bolt.
The bolt hits you!
* * * LOW HITPOINT WARNING * * *
You claw the orc high priest!
The orc high priest is moderately wounded.
A red film seems to cover your vision as you go berserk!
You feel yourself moving faster!
You feel mighty!
The orc high priest hits you with a +2 heavy flail!
* * * LOW HITPOINT WARNING * * *
The orc knight unwields a +0 arbalest.
The orc knight wields a +1 battleaxe of electrocution.
You hear the crackle of electricity.
The orc knight hits you with a +1 battleaxe of electrocution.
You die...

▓▓▓ ▓▓ ##.##############
#$##
##..#___#___#__#∩##$#.#$
.#..#.).#__)#._#@34.....
.#..###'#'###)##ooo.....
'#..#..........#$.......
#...'.⌠........#)#...#..
#...#...######'#)##.#.#.
....#.⌠.#__#...#$######
....#)..#__#...#).§~§+
....#)###__#...#)#~~§#
....#.:.#__#...'.#§§§#


You could see an orc knight, an orc high priest (strong), a hellwing (summoned),
a neqoxec (summoned) and an orc (strong).

Vanquished Creatures
  Erica (D)
  A deep elf pyromancer (D)
  A shadow (D)
  A spatial vortex (D)
  An orc warrior (D)
  A necrophage (D)
  A water elemental (D)
  A jelly (D)
  Jessica (D)
  A wizard (D)
  A necromancer (D)
  4 orc wizards (D)
  3 humans (D)
  A kobold demonologist (D)
  A wolf (D)
  9 orcs (D)
  An endoplasm (D)
  A hobgoblin (D)
  2 rats (D)
33 creatures vanquished.

Notes
Turn   | Place    | Note
-------+----------+-------------------------------------------
     0 | D        | sircluck the Troll Berserker began the quest for the Orb.
     0 | D        | Reached XP level 1. HP: 22/22 MP: 0/0
    27 | D        | Reached ** piety under Trog
    29 | D        | Noticed Jessica
    35 | D        | Killed Jessica
    36 | D        | Reached skill level 4 in Unarmed Combat
    36 | D        | Reached XP level 2. HP: 28/32 MP: 1/1
    36 | D        | Reached XP level 3. HP: 35/39 MP: 2/2
    55 | D        | Reached *** piety under Trog
    56 | D        | Reached skill level 5 in Unarmed Combat
    76 | D        | Gained mutation: You are weak. (Str -2) [potion of
                  | mutation]
    76 | D        | Gained mutation: You expend magic power (3 MP) to
                  | strengthen your wands. [potion of mutation]
    76 | D        | Gained mutation: You are agile. (Dex +4, Str/Int -1)
                  | [potion of mutation]
    77 | D        | Lost mutation: You expend magic power (3 MP) to strengthen
                  | your wands. [potion of mutation]
    77 | D        | Lost mutation: You are agile. (Dex +4, Str/Int -1) [potion
                  | of mutation]
    77 | D        | Gained mutation: Your mind is acute. (Int +4, Str/Dex -1)
                  | [potion of mutation]
    77 | D        | Gained mutation: Your system is resistant to poisons.
                  | (rPois) [potion of mutation]
    81 | D        | Noticed a water elemental
    87 | D        | Killed a water elemental
    88 | D        | Reached skill level 5 in Fighting
    88 | D        | Reached skill level 5 in Dodging
    88 | D        | Reached skill level 6 in Unarmed Combat
    88 | D        | Reached XP level 4. HP: 16/50 MP: 3/3
   122 | D        | Found a glowing silver altar of Zin.
   122 | D        | Found a glowing golden altar of the Shining One.
   122 | D        | Found a white marble altar of Elyvilon.
   123 | D        | Noticed a deep elf pyromancer
   127 | D        | Killed a deep elf pyromancer
   128 | D        | Reached skill level 9 in Unarmed Combat
   128 | D        | Reached XP level 5. HP: 24/63 MP: 4/4
   128 | D        | Reached XP level 6. HP: 28/72 MP: 5/5
   174 | D        | Found a hide-covered altar of Uskayaw.
   174 | D        | Found an iron altar of Okawaru.
   174 | D        | Found a bloodstained altar of Trog.
   174 | D        | Found an ornate altar of the Wu Jian Council.
   174 | D        | Noticed a human
   174 | D        | Noticed a human
   180 | D        | Killed a human
   180 | D        | Reached **** piety under Trog
   181 | D        | Reached XP level 7. HP: 58/80 MP: 6/6
   182 | D        | Killed a human
   183 | D        | Reached skill level 10 in Unarmed Combat
   209 | D        | Found a basalt altar of Yredelemnul.
   209 | D        | Found a shadowy altar of Dithmenos.
   209 | D        | Found a sacrificial altar of Ru.
   225 | D        | Noticed a shadow
   234 | D        | Killed a shadow
   234 | D        | Reached ***** piety under Trog
   235 | D        | Reached XP level 8. HP: 27/92 MP: 7/7
   252 | D        | Found a radiant altar of Vehumet.
   252 | D        | Found a shimmering blue altar of Sif Muna.
   252 | D        | Found an ancient bone altar of Kikubaaqudgha.
   254 | D        | Received a gift from Trog
   255 | D        | Noticed an ice devil
   361 | D        | Noticed Erica
   369 | D        | Killed Erica
   370 | D        | Reached skill level 10 in Fighting
   370 | D        | Reached skill level 11 in Unarmed Combat
   407 | D        | Found a blossoming altar of Fedhas.
   407 | D        | Found a stormy altar of Qazlal.
   407 | D        | Found a snail-covered altar of Cheibriados.
   407 | D        | Found a burning altar of Makhleb.
   407 | D        | Found a shimmering altar of Xom.
   408 | D        | Found a hazy altar of Hepliaklqana.
   408 | D        | Found an opulent altar of Gozag.
   408 | D        | Found a sparkling altar of Nemelex Xobeh.
   408 | D        | Found a corrupted altar of Lugonu.
   408 | D        | Found a viscous altar of Jiyva.
   422 | D        | Reached skill level 10 in Dodging
   443 | D        | Found Yrraret's Jewellery Shoppe.
   471 | D        | Reached skill level 12 in Unarmed Combat
   474 | D        | Received a gift from Trog
   479 | D        | Reached ****** piety under Trog
   480 | D        | Reached XP level 9. HP: 84/102 MP: 8/8
   487 | D        | Received a gift from Trog
   487 | D        | Noticed an orc knight
   489 | D        | Noticed an orc high priest
   492 | D        | Noticed a hellwing
   498 | D        | HP: 1/153 [orc high priest/+2 heavy flail (16)]
   498 | D        | Slain by an orc knight

Illustrated notes

Levels and vault maps discovered:
D:        dungeon_sprint_mu [sprint_mu_entry_cave, sprint_mu_temple_rooms,
          sprint_mu_d1_horrors, sprint_mu_d2_genie, sprint_mu_d3_branching,
          sprint_mu_orc_legion, sprint_mu_elf_gauntlet, sprint_mu_hive_nellie,
          sprint_mu_lair_fedhas, sprint_mu_vaults_butterflies,
          sprint_mu_slime_circle, sprint_mu_swamp_cave, sprint_mu_snake_twists,
          sprint_mu_blade_basic, sprint_mu_crypt_chambers,
          sprint_mu_tomb_spiral, sprint_mu_vestibule_basic,
          sprint_mu_gehenna_hellfire, sprint_mu_dis_giant,
          sprint_mu_tartarus_statrot, sprint_mu_cocytus_islands, sprint_mu_zot1]

Skill      XL: |  1  2  3  4  5  6  7  8 |
---------------+-------------------------+-----
Fighting       | 3 5 7 8 9 10 | 10.4
Dodging        | 3 5 7 8 9 10 | 10.3
Unarmed Combat | 4 6 9 10 12 | 12.1

Action                     |  1- 3 |  4- 6 |  7- 9 || total
---------------------------+-------+-------+-------++-------
  Melee: Unarmed           |    22 |     9 |    75 ||   106
         Punch             |       |       |     5 ||     5
 Invoke: Berserk           |       |       |     1 ||     1
    Use: Potion            |     3 |       |       ||     3
 Armour: Animal skin       |    11 |     7 |    17 ||    35
         Robe              |       |       |    18 ||    18
  Dodge: Dodged            |     9 |     6 |    16 ||    31

Table legend: (Time is in decaauts)
 A = Elapsed time spent in this place.
 B = Non-inter-level travel time spent in this place.
 C = Inter-level travel time spent in this place.
 D = Time resting spent in this place.
 E = Time spent auto-exploring this place.
 F = Levels seen in this place.
 G = Mean time per level.
                   A        B        C        D        E       F      G
               +--------+--------+--------+--------+--------+-----+--------+
         Total |    479 |    479 |      0 |      0 |    252 |   1 |  479.0 |
       Dungeon |    479 |    479 |      0 |      0 |    252 |   1 |  479.0 |
               +--------+--------+--------+--------+--------+-----+--------+

Top non-repeatable levels by time:
       D: 479 daAuts
